 Dungeon Crawl Stone Soup version 0.21-a0-442-g848f44b (webtiles) character file.

197 slep the Magician (level 5, -2/37 HPs)
             Began as a Demonspawn Wanderer on Nov 14, 2017.
             Killed by divine providence
             ... invoked by an orc priest
              (7 damage)
             ... on level 3 of the Dungeon.
             The game lasted 00:09:52 (2290 turns).

slep the Magician (Demonspawn Wanderer)             Turns: 2290, Time: 00:09:53

Health: -2/37      AC: 15    Str: 12    XL:     5   Next: 46%
Magic:  0/12       EV: 12    Int: 15    God:
Gold:   212        SH:  0    Dex: 12    Spells: 14/14 levels left

rFire    + . .     SeeInvis .   r - +0 mace (protect)
rCold    x . .     Gourm    .   (no shield)
rNeg     . . .     Faith    .   y - +0 ring mail
rPois    .         Spirit   +   w - +0 helmet
rElec    .         Reflect  .   n - +0 cloak
rCorr    .         Harm     .   t - +0 pair of gloves
MR       .....                  (no boots)
Stlth    +.........             (no amulet)
HPRegen  0.12/turn              p - ring of fire
MPRegen  0.13/turn              (no ring)

@: protection aura, heavily drained
A: claws 1, repulsion field 1, magic shield
a: no special abilities


You were on level 3 of the Dungeon.
You were not hungry.

You visited 1 branch of the dungeon, and saw 3 of its levels.

You collected 212 gold pieces.

Inventory:

Hand Weapons
 a - a +2 quarterstaff
 r - a +0 mace of protection (weapon)
 z - a +1 vampiric short sword
Armour
 d - a +0 robe
 n - a +0 cloak (worn)
 t - a +0 pair of gloves (worn)
 w - a +0 helmet (worn)
 y - a +0 ring mail (worn)
Jewellery
 p - a ring of fire (left hand)
Wands
 x - a wand of random effects (6/48)
Scrolls
 b - a scroll of teleportation
 h - 4 scrolls of identify {unknown}
 k - a scroll of blinking {unknown}
 o - a scroll of remove curse {unknown}
 s - a scroll of enchant armour {unknown}
 u - a scroll of magic mapping {unknown}
Potions
 c - 4 potions of curing
 e - a potion of lignification
 j - a potion of brilliance {unknown}
 l - 4 potions of heal wounds {unknown}
 m - a potion of magic {unknown}
 q - a potion of agility {unknown}
Comestibles
 f - 2 bread rations
 g - 3 meat rations
 i - a royal jelly
 v - 6 fruits
 A - 2 chunks of flesh


   Skills:
 + Level 1.1(0.0) Fighting
 + Level 2.0(1.8) Maces & Flails
 + Level 3.5(2.5) Staves
 + Level 1.4(0.2) Armour
 + Level 1.4(0.2) Dodging
 + Level 1.4(0.2) Stealth
 + Level 5.4(4.0) Spellcasting
 + Level 1.0(0.0) Evocations


You had 14 spell levels left.
You didn't know any spells.

Dungeon Overview and Level Annotations

Branches:
Dungeon (3/15)

Altars:
Hepliaklqana
Ru
Uskayaw
Beogh


Innate Abilities, Weirdness & Mutations

You have sharp fingernails.
You are surrounded by a mild repulsion field. (EV +2)
When hurt, damage is shared between your health and your magic reserves.


Message History

* * * LOW HITPOINT WARNING * * *
You hit the orc priest.
The orc priest is almost dead.
The orc priest casts a cantrip, but nothing happens.
You barely miss the orc priest.
The orc priest is almost dead.
The orc priest closely misses you.
You completely miss the orc priest.
The orc priest is almost dead.
The orc priest hits you with a mace.
* * * LOW HITPOINT WARNING * * *
The orc priest closely misses you.
You hit the orc priest.
You kill the orc priest!
Your base Armour skill increases to level 1!
The orc priest hits you but does no damage.
You barely miss the orc priest.
The orc priest calls down the wrath of Beogh upon you.
Beogh smites you!
You die...

######## #......#######
######............#
.....).####.#####.#
###.##.# #.# # ##.#.# #.#
#.#.## #.###### #
##.#..###.....@#
###....#.#######)oo..._# ##
....#)#.#...######o8.8)# ..
###..#...#).)....##$..#####
#.
#.#.....#.#####.#####...#
#. #.#.≈≈≈.#.......# ###.#
#[ #.#≈...≈#.#####.# ##.##
#. #.#≈._.≈#.. #.#
###...#####. #.#≈...≈#.#
#.# #.).........


You could see 2 orc priests and an orc.

Vanquished Creatures
  An orc priest (D:3)
  An orc wizard (D:3)
  Ijyb (D:3)
  Robin (D:3)
  An adder (D:3)
  2 worms (D:3)
  2 dart slugs
  6 leopard geckos
  5 orcs
  A giant cockroach (D:2)
  8 hobgoblins
  3 jackals (D:2)
  A quokka (D:3)
  5 bats
  2 frilled lizards
  15 goblins
  10 kobolds
  8 rats
73 creatures vanquished.

Notes
Turn   | Place    | Note
-------+----------+-------------------------------------------
     0 | D:1      | slep the Demonspawn Wanderer began the quest for the Orb.
     0 | D:1      | slep set off with: a +2 quarterstaff, a scroll of teleportation, a potion of curing, a +0 robe, a bread ration
     0 | D:1      | Reached XP level 1. HP: 13/13 MP: 6/6
   214 | D:1      | Gained mutation: You have sharp fingernails. [demonic ancestry]
   214 | D:1      | Reached XP level 2. HP: 3/19 MP: 8/8
   814 | D:2      | Gained mutation: You are surrounded by a mild repulsion field. (EV +2) [demonic ancestry]
   814 | D:2      | Reached XP level 3. HP: 7/25 MP: 9/9
  1653 | D:3      | Found a sacrificial altar of Ru.
  1709 | D:3      | Noticed Ijyb
  1731 | D:3      | Reached XP level 4. HP: 11/31 MP: 11/11
  1766 | D:3      | Killed Ijyb
  1766 | D:3      | Reached skill level 1 in Maces & Flails
  1766 | D:3      | Reached skill level 1 in Dodging
  1771 | D:3      | Reached skill level 1 in Fighting
  1842 | D:3      | Found a hide-covered altar of Uskayaw.
  1884 | D:3      | Found a hazy altar of Hepliaklqana.
  2092 | D:3      | Noticed Robin
  2132 | D:3      | Killed Robin
  2193 | D:3      | Gained mutation: When hurt, damage is shared between your health and your magic reserves. [demonic ancestry]
  2193 | D:3      | Reached XP level 5. HP: 25/37 MP: 12/12
  2276 | D:3      | Found a roughly hewn altar of Beogh.
  2289 | D:3      | Reached skill level 1 in Armour
  2290 | D:3      | Killed from afar by an orc priest

Vault maps used:
D:1:      minmay_arrival_up_and_down
D:3:      nicolae_ru_awakened_eye, overflow_temple_1_default,
          eat_drink_and_be_merry_uskayaw, kennysheep_orc_chapel, uniq_robin,
          uniq_ijyb

Skill      XL: |  1  2  3  4  5 |
---------------+----------------+-----
Staves         | 3 |  3.5
Maces & Flails | 1 2 |  2.0
Dodging        | 1 |  1.4
Fighting       | 1 |  1.1
Armour         | 1 |  1.4
Stealth        | |  1.4
Spellcasting   | |  5.4
Evocations     | |  1.0

Action                   |  1- 3 |  4- 6 || total
-------------------------+-------+-------++-------
Melee: Quarterstaff      |    76 |       ||    76
       Mace              |    68 |   172 ||   240
  Use: Potion            |     1 |       ||     1
 Stab: Sleeping          |     3 |     1 ||     4
  Eat: Chunk             |     3 |     2 ||     5
Armor: Robe              |    43 |     8 ||    51
       Skin              |     2 |    85 ||    87
       Ring mail         |       |    66 ||    66
Dodge: Dodged            |   124 |   104 ||   228

Table legend:
 A = Spawn XP
 B = Non-spawn XP
 C = Spawn XP percentage of total XP
 D = Spawn monster count
 E = Non-spawn monster count
 F = Spawn count percentage of total count
 G = Total turns spent on level
                    A         B        C        D         E        F      G
               +---------+---------+-------+---------+---------+-------+---------
         Total |       0 |     282 |   0.0 |       0 |      73 |   0.0 |  2290
               +---------+---------+-------+---------+---------+-------+---------
           D:1 |       0 |      27 |   0.0 |       0 |      17 |   0.0 |   766
           D:2 |       0 |      46 |   0.0 |       0 |      22 |   0.0 |   843
           D:3 |       0 |     209 |   0.0 |       0 |      34 |   0.0 |   681
               +---------+---------+-------+---------+---------+-------+---------
